 Dungeon Crawl Stone Soup version 0.26.1-11-gd32895ea62 (webtiles) character file.

Game seed: 336965305740881170

30 Zeld the Sneak (level 3, 0/24 HPs)
             Began as an Octopode Brigand on May 13, 2021.
             Slain by an adder (3 damage)
             ... on level 2 of the Dungeon.
             The game lasted 00:00:53 (806 turns).

Zeld the Sneak (Octopode Brigand)                    Turns: 806, Time: 00:00:53

Health: 0/24       AC:  1    Str: 11    XL:     3   Next: 20%
Magic:  3/3        EV: 13    Int: 13    God:
Gold:   81         SH:  0    Dex: 13    Spells: 2/2 levels left

rFire    . . .     SeeInvis .   a - +2 dagger
rCold    . . .     Faith    .   (no shield)
rNeg     . . .     Spirit   .   (helmet restricted)
rPois    .         Reflect  .   (no amulet)
rElec    .         Harm     .   (no ring)
rCorr    .         Rampage  .   (no ring)
Will     .....                  (no ring)
Stlth    ++++......             (no ring)
HPRegen  0.08/turn              (no ring)
MPRegen  0.08/turn              (no ring)
                                (no ring)
                                (no ring)

@: lethally poisoned (0 -> -3)
A: almost no armour, stealthy swim, amphibious, 8 rings, constrict 8, camouflage
1, gelatinous body 1
a: no special abilities


You were on level 2 of the Dungeon.
You visited 1 branch of the dungeon, and saw 2 of its levels.

You collected 81 gold pieces.

Inventory:

Hand Weapons
 a - a +2 dagger (weapon)
Missiles
 b - 29 poisoned darts (quivered)
 c - 2 curare-tipped darts
Jewellery
 g - a +6 ring of strength {unknown}
Scrolls
 f - 2 scrolls of identify {unknown}
 h - a scroll of fear {unknown}
 j - a scroll of immolation {unknown}
 k - a scroll of teleportation {unknown}
Potions
 d - a potion of heal wounds {unknown}
 e - a potion of mutation {unknown}
 i - a potion of cancellation {unknown}


   Skills:
 - Level 2.0 Fighting
 - Level 2.0 Short Blades
 * Level 3.5 Throwing
 - Level 1.0 Dodging
 - Level 5.3 Stealth


You had 2 spell levels left.
You didn't know any spells.
Your spell library was empty.

Dungeon Overview and Level Annotations

Branches:
Dungeon (2/15)

Altars:


Innate Abilities, Weirdness & Mutations

You cannot wear most types of armour.
You are very stealthy in the water. (Stealth+)
You are amphibious.
You can wear up to eight rings at the same time.
You can use your tentacles to constrict eight enemies at once.
Your skin changes colour to match your surroundings (Stealth+).
Your rubbery body absorbs attacks. (AC +1, EV +1)


Message History

The adder misses you. The frilled lizard barely misses you.
The giant cockroach barely misses you. The adder bites you.
You are poisoned.
The adder poisons you!
You feel sick.
You hit the adder. Your grab misses the adder.
The adder is almost dead.
The adder bites you. The giant cockroach bites you.
The frilled lizard bites you.
You feel sick.
You are too injured to fight recklessly!
You are too injured to fight recklessly!
The adder closely misses you. The giant cockroach barely misses you.
You feel sick. The bat hits you.
There is a stone staircase leading up here.
You feel sick. The adder bites you.
* * * LOW HITPOINT WARNING * * *
The giant cockroach barely misses you. The adder bites you.
You die...

#.....# .# #.....#
..# #.....# #.
...#.....# #..
#.#.....# ...#
#.......# ...#
##.†...# ...
##..S...####
#.##..bl@.....#
#.##[.....B...##..#
#.........##### #
..###......#
.....#........
........#.....#
.....<.######..#
....... #.# .......
>#


You could see an adder, a giant cockroach, a bat and a frilled lizard.

Vanquished Creatures
  4 dart slugs (D:1)
  5 bats (D:1)
  2 giant cockroaches (D:1)
  5 hobgoblins (D:1)
  A kobold (D:1)
  A ball python (D:2)
  2 frilled lizards (D:1)
  A rat (D:1)
21 creatures vanquished.

Notes
Turn   | Place    | Note
-------+----------+-------------------------------------------
     0 | D:1      | Zeld the Octopode Brigand began the quest for the Orb.
     0 | D:1      | Reached XP level 1. HP: 14/14 MP: 1/1
   219 | D:1      | Reached XP level 2. HP: 19/19 MP: 2/2
   511 | D:1      | Reached XP level 3. HP: 19/24 MP: 3/3
   806 | D:2      | Slain by an adder

Illustrated notes

Levels and vault maps discovered:
D:1:      dpeg_arrival_tiny_c, layout_loops_ring
D:2:      layout_rooms, kennysheep_slug_shrine

Skill      XL: |  1  2 |
---------------+-------+-----
Throwing       | 3 |  3.5
Fighting       | |  2.0
Short Blades   | |  2.0
Dodging        | |  1.0
Stealth        | |  5.3

Action                   || total
-------------------------++-------
Melee: Dagger            ||    41
       Constrict         ||     9
       Tentacles         ||     3
 Stab: Sleeping          ||     7
Armor: Skin              ||     3
Dodge: Dodged            ||    31
